 Dungeon Crawl Stone Soup version 0.21.0-3-g78d12a8 (webtiles) character file.

2 Goblin1989 the Skirmisher (level 1, -2/18 HPs)
             Began as a Demonspawn Monk on Jan 14, 2018.
             Slain by a hobgoblin
             ... wielding a +0 club
              (6 damage)
             ... on level 1 of the Dungeon on Jan 15, 2018.
             The game lasted 00:01:50 (283 turns).

Goblin1989 the Skirmisher (Demonspawn Monk)          Turns: 283, Time: 00:01:51

Health: -2/18      AC:  2    Str: 11    XL:     1   Next: 33%
Magic:  1/1        EV: 13    Int: 11    God:
Gold:   0          SH:  0    Dex: 15    Spells: 0/0 levels left

rFire    . . .     SeeInvis .     - Unarmed
rCold    . . .     Gourm    .   (no shield)
rNeg     . . .     Faith    .   a - +0 robe
rPois    .         Spirit   .   (no helmet)
rElec    .         Reflect  .   (no cloak)
rCorr    .         Harm     .   (no gloves)
MR       .....                  (no boots)
Stlth    ++........             (no amulet)
HPRegen  0.06/turn              (no ring)
MPRegen  0.07/turn              (no ring)

@: no status effects
A: no striking features
a: no special abilities


You were on level 1 of the Dungeon.
You were not hungry.

You visited 1 branch of the dungeon, and saw 1 of its levels.

Inventory:

Hand Weapons
 g - a +0 short sword
Missiles
 h - 2 stones (quivered)
Armour
 a - a +0 robe (worn)
Comestibles
 e - a ration {@e1}


   Skills:
 - Level 3.0 Fighting
 - Level 2.6 Dodging
 - Level 1.7 Stealth
 + Level 2.9 Unarmed Combat


You couldn't memorise any spells.
You didn't know any spells.

Dungeon Overview and Level Annotations

Branches:
Dungeon (1/15)

Altars:


Message History

The helpless kobold fails to defend itself.
You hit the kobold.
The kobold is severely wounded.
The kobold hits you with a short sword.
You take 2 damage, and have 16/18 hp.
You barely miss the kobold.
The kobold is severely wounded.
The kobold hits you with a short sword.
You take 5 damage, and have 11/18 hp.
MASSIVE DAMAGE!!
You hit the kobold but do no damage.
The kobold is severely wounded.
The kobold closely misses you.
You closely miss the kobold.
The kobold is severely wounded.
The kobold completely misses you.
You miss the kobold.
The kobold is severely wounded.
The kobold hits you with a short sword.
You take 2 damage, and have 9/18 hp.
You are too injured to fight recklessly!
You are too injured to fight recklessly!
You are too injured to fight recklessly!
You are too injured to fight recklessly!
You are too injured to fight recklessly!
You are too injured to fight recklessly!
You are too injured to fight recklessly!
You are too injured to fight recklessly!
You are too injured to fight recklessly!
You are too injured to fight recklessly!
You are too injured to fight recklessly!
You are too injured to fight recklessly!
You are too injured to fight recklessly!
You are too injured to fight recklessly!
You are too injured to fight recklessly!
You are too injured to fight recklessly!
Unknown command.
The kobold throws a stone.
The stone barely misses you.
The kobold throws a stone.
The stone completely misses you.
You see here 2 stones.
The kobold throws a stone.
The stone misses you.
You see here a stone.
The kobold throws a stone.
The stone barely misses you.
You are too injured to fight recklessly!
You see here a stone.
The kobold hits you but does no damage.
You see here a stone.
You hit the kobold.
You kill the kobold!
g - a short sword You see here a stone.
h - a stone You start resting.
All of the chunks of flesh in your inventory have rotted away.
HP restored.
Health restored: 18
h - 2 stones (gained 1)
The hobgoblin shouts!
You hear a shout!
The hobgoblin is too close now for your liking.
A hobgoblin is nearby!
A hobgoblin is nearby!
You see here 2 stones.
The hobgoblin hits you with a club!
You take 8 damage, and have 10/18 hp.
MASSIVE DAMAGE!!
You are too injured to fight recklessly!
You are too injured to fight recklessly!
You are too injured to fight recklessly!
You are too injured to fight recklessly!
You are too injured to fight recklessly!
You are too injured to fight recklessly!
You are too injured to fight recklessly!
You are too injured to fight recklessly!
You are too injured to fight recklessly!
You are too injured to fight recklessly!
You are too injured to fight recklessly!
You are too injured to fight recklessly!
You are too injured to fight recklessly!
You are too injured to fight recklessly!
You are too injured to fight recklessly!
You are too injured to fight recklessly!
You are too injured to fight recklessly!
You are too injured to fight recklessly!
You are too injured to fight recklessly!
You are too injured to fight recklessly!
You are too injured to fight recklessly!
You are too injured to fight recklessly!
You are too injured to fight recklessly!
You are too injured to fight recklessly!
You are too injured to fight recklessly!
You are too injured to fight recklessly!
You are too injured to fight recklessly!
You are too injured to fight recklessly!
You see here 2 stones.
You closely miss the hobgoblin. The hobgoblin hits you with a club!
* * * LOW HITPOINT WARNING * * *
You take 7 damage, and have 3/18 hp.
MASSIVE DAMAGE!!
You barely miss the hobgoblin. The hobgoblin misses you.
You hit the hobgoblin.
The hobgoblin is moderately wounded.
The hobgoblin hits you with a club.
You die...

...█ ████.█.███ =.$.......
█████████████████.........
█...............█.......$.
█.█████████████.█.....█.██
█.█ █.█.......K. █.█
█@█....█ █)█ █g█....█ █.█
█K█.█.███..█ ██∆████
█.(......█ ......█
███.█....█ ......█████
█.█....█ ..........██
█.█....█ █████████..█
█.█.█▲██ ██.█ █.█.█


You could see a hobgoblin and a kobold.

Vanquished Creatures
  A hobgoblin (D:1)
  A kobold (D:1)
2 creatures vanquished.

Notes
Turn   | Place    | Note
-------+----------+-------------------------------------------
     0 | D:1      | Goblin1989 the Demonspawn Monk began the quest for the Orb.
     0 | D:1      | Reached XP level 1. HP: 18/18 MP: 1/1
     0 | D:1      | Goblin1989: !lg .
     0 | D:1      | beem: 2267. Goblin1989 the Cudgeler (L6 DsMo of Gozag), succumbed to a worker ant's poison on D:5 on 2018-01-13 02:32:13, with 450 points after 6334 turns and 0:17:32.
     0 | D:1      | Goblin1989: !lg . huen -log
     0 | D:1      | beem: 49. Goblin1989, XL1 HuEn, T:162: http://crawl.xtahua.com/crawl/morgue/Goblin1989/morgue-Goblin1989-20171124-081737.txt
   283 | D:1      | Slain by a hobgoblin

Action                   || total
-------------------------++-------
Melee: Unarmed           ||    14
 Stab: Sleeping          ||     1
Armor: Robe              ||     1
Dodge: Dodged            ||     9

Vault maps used:
D:1:      erik_arrival_triangle_small
